cohdb
Replays
Latest Replays
All Replays
Popular Replays
Top Player Replays
Match Explorer
How It Works
Community
CoH3 Stats
Reddit
Sign in to upload your games and track your stats! →
Sign in with Steam
Match 38874879
Unlisted
Match 38874879
Overview
Messages
Build Orders
End
Scout Squad
Construct Barracks
Selects Advanced Infantry Battlegroup
Riflemen Squad
Riflemen Squad
Air Support Center
Grenade Package
Grasshopper Recon Run
M1 Mortar Team
Construct Medical Station
Selects Convert to Ranger Squad
P-47 Dive Bomb
Selects Designate Assault Position
Convert to Ranger Squad
P-47 Dive Bomb
M1918 Browning Automatic Rifles
Grasshopper Recon Run
Construct Motor Pool
Riflemen Squad
Selects Ranger Weapon Training
M24 Chaffee Light Tank
Grasshopper Recon Run
Engineer Squad
Grasshopper Recon Run
Dreamerpython
A_Smoove
PumaDog
The Kaiser
Clay
這粥好鹹
0
0
Comments
sign in to comment!
No comments posted yet!